 Dungeon Crawl Stone Soup version 0.22-a0-538-g76cc104 (webtiles) character file.

17 jamsan the Firebug (level 2, -8/16 HPs)
             Began as a Gargoyle Fire Elementalist on June 23, 2018.
             Mangled by a worm (9 damage)
             ... on level 1 of the Dungeon.
             The game lasted 00:03:52 (1266 turns).

jamsan the Firebug (Gargoyle Fire Elementalist)     Turns: 1266, Time: 00:03:53

Health: -8/16      AC:  4    Str: 11    XL:     2   Next: 62%
Magic:  4/5        EV: 12    Int: 15    God:
Gold:   34         SH:  0    Dex: 10    Spells: 4/5 levels left

rFire    . . .     SeeInvis .   j - +0 club
rCold    . . .     Gourm    .   (no shield)
rNeg     + . .     Faith    .   a - +0 robe
rPois    ∞         Spirit   .   (no helmet)
rElec    +         Reflect  .   (no cloak)
rCorr    .         Harm     .   (no gloves)
MR       .....                  (no boots)
Stlth    ++........             (no amulet)
HPRegen  0.05/turn              (no ring)
MPRegen  0.09/turn              (no ring)

@: very slightly contaminated
A: negative energy resistance 1, electricity resistance, unbreathing,
petrification resistance, rot immunity, AC +2
a: no special abilities


You were on level 1 of the Dungeon.
You were not hungry.

You visited 1 branch of the dungeon, and saw 2 of its levels.

You collected 34 gold pieces.

Inventory:

Hand Weapons
 j - a +0 club (weapon)
Armour
 a - a +0 robe (worn)
Jewellery
 d - an uncursed amulet of magic regeneration {unknown}
 e - a cursed -3 ring of dexterity {unknown}
Scrolls
 g - 2 scrolls of immolation {unknown}
Potions
 b - a potion of mutation {unknown}
 h - a potion of cancellation {unknown}
 i - a potion of heal wounds {unknown}
Comestibles
 c - 3 rations
 f - 2 chunks of flesh


   Skills:
 + Level 0.8 Fighting
 + Level 0.8 Armour
 - Level 1.5 Dodging
 - Level 2.2 Stealth
 + Level 2.2 Spellcasting
 + Level 1.5 Conjurations
 + Level 3.1 Fire Magic


You had 4 spell levels left.
You knew the following spells:

 Your Spells              Type           Power        Failure   Level  Hunger
a - Flame Tongue          Conj/Fire      #....        9%          1    #......

Your spell library contained the following spells:

 Spells                   Type           Power        Failure   Level  Hunger
 Fireball                 Conj/Fire      #.........   93%         5    ######.
 Conjure Flame            Conj/Fire      #.......     26%         3    ###....
 Throw Flame              Conj/Fire      #.....       13%         2    ###....
 Sticky Flame             Conj/Fire      #.......     63%         4    #####..
 Inner Flame              Hex/Fire       #.......     34%         3    ###....


Dungeon Overview and Level Annotations

Branches:
Dungeon (2/15)

Altars:
Fedhas


Innate Abilities, Weirdness & Mutations

You are resistant to torment.
Your stone body is resilient. (AC +2)
You are immune to poison.
You resist negative energy. (rN+)
You are resistant to electric shocks. (rElec)
You can survive without breathing.
You are immune to petrification.
You are immune to rotting.


Message History

You climb upwards.
There is a stone staircase leading down here.
You barely miss the kobold. The kobold misses you.
The goblin hits you with a dagger.
Casting: Flame Tongue (safe; 9% risk of failure)
Confirm with . or Enter, or press ? or * to list all spells.
You don't know that spell.
Casting: Flame Tongue (safe; 9% risk of failure)
Confirm with . or Enter, or press ? or * to list all spells.
Aiming: Flame Tongue (safe; 9% risk of failure)
Press: ? - help, Shift-Dir - straight line, f - worm
Aim: a worm You miscast Flame Tongue.
You are very lightly contaminated with residual magic.
Wisps of smoke drift from your hands. The kobold misses you.
The goblin hits you with a dagger. The worm bites you.
* * * LOW HITPOINT WARNING * * *
The goblin closely misses you. The worm bites you!
Ouch! That really hurt!
You die...

##........##.#.........#...#.#.##
#........##.#.........#...#'#.#.
#........##.....##............#.
#....###........+.....###.....#.
#....###.###....###......###'###
#....#..........#.......## ♣.♣ #
##.........#####.#.#.##### ♣.♣
.>##.##....#####K#.......# ♣.♣
...............w@g.......# ♣_♣
..................#.####'# ♣.♣
..........#.#............# ♣.♣
######.##.#.#.#...#.##...## ♣.♣ #
..........#.#.#.#....#....###'###
#####.........#.#.#..#.........'.
# #.........#.#....#.....#...## #
#.........#.###.##'#####....#
#####....(....#.#..........#.##.#


You could see a worm, a goblin and a kobold.

Vanquished Creatures
  3 leopard geckos (D:1)
  A giant cockroach (D:1)
  A goblin (D:1)
  2 hobgoblins (D:1)
  A bat (D:1)
  A frilled lizard (D:1)
  A kobold (D:1)
  5 rats (D:1)
15 creatures vanquished.

Notes
Turn   | Place    | Note
-------+----------+-------------------------------------------
     0 | D:1      | jamsan the Gargoyle Fire Elementalist began the quest for the Orb.
     0 | D:1      | Reached XP level 1. HP: 10/10 MP: 3/3
   268 | D:1      | Reached XP level 2. HP: 12/16 MP: 0/5
   999 | D:1      | Found a blossoming altar of Fedhas.
  1266 | D:1      | Mangled by a worm

Vault maps used:
D:1:      dpeg_arrival_prison, kennysheep_flooded_box
D:2:      cheibrodos_greedy_goblins, uniq_jessica

Action                   || total
-------------------------++-------
Melee: Unarmed           ||    26
       Club              ||    24
 Cast: Flame Tongue      ||    12
 Stab: Sleeping          ||     4
  Eat: Chunk             ||     1
Armor: Robe              ||    15
Dodge: Dodged            ||    41

Table legend:
 A = Spawn XP
 B = Non-spawn XP
 C = Spawn XP percentage of total XP
 D = Spawn monster count
 E = Non-spawn monster count
 F = Spawn count percentage of total count
 G = Total turns spent on level
                    A         B        C        D         E        F      G
               +---------+---------+-------+---------+---------+-------+---------
         Total |       0 |      25 |   0.0 |       0 |      15 |   0.0 |  1266
               +---------+---------+-------+---------+---------+-------+---------
           D:1 |       0 |      25 |   0.0 |       0 |      15 |   0.0 |  1262
               +---------+---------+-------+---------+---------+-------+---------
